 Dungeon Crawl Stone Soup version 0.31.0-32-g396128a36d (webtiles) character file.

Game seed: 18317431173593349491

5725 AdnanSaban the Basher (level 10, -2/63 HPs)
             Began as a Gargoyle Fighter on Apr 13, 2024.
             Was a Priest of Okawaru.
             Slain by an orc knight
             ... wielding a +0 glaive
              (33 damage)
             ... in a bailey.
             The game lasted 00:12:33 (8024 turns).

AdnanSaban the Basher (Gargoyle Fighter)            Turns: 8024, Time: 00:12:34

Health: -2/63      AC: 28    Str: 24    XL:     10   Next: 77%
Magic:  0/11       EV: 10    Int:  9    God:    Okawaru [***...]
Gold:   343        SH:  6    Dex:  7    Spells: 9/9 levels left

rFire   . . .        q - +4 hammer "Oquciv" {spect, rN+ rCorr}
rCold   . . .        c - +0 buckler
rNeg    + + .        K - +1 chain mail "Ynifesma" {Will+ Regen+ Dex-2}
rPois   ∞            t - +0 helmet
rElec   +            p - +2 cloak {Will+}
rCorr   +            (no gloves)
SInv    .            j - +0 pair of boots
Will    ++...        u - amulet of guardian spirit Stlth
                     (no ring)
HPRegen 1.10/turn    (no ring)
MPRegen 0.12/turn

%: guardian spirit
@: heroic
A: sickness immunity, AC +7, negative energy resistance 1, electricity
resistance, torment resistance 1, petrification resistance
a: Renounce Religion, Heroism


You were in a bailey.
You worshipped Okawaru.
Okawaru was most pleased with you.
You visited 2 branches of the dungeon, and saw 10 of its levels.
You also visited: Bailey.

You collected 343 gold pieces.

Inventory:

Hand Weapons
 a - a +0 flail
 q - the +4 hammer "Oquciv" (weapon) {spect, rN+ rCorr}
   (You found it on level 2 of the Dungeon)

   rN+:       It protects you from negative energy.
   rCorr:     It protects you from acid and corrosion.
Missiles
 n - 12 boomerangs
 x - 19 poisoned darts (quivered)
 F - a curare-tipped dart
Armour
 c - a +0 buckler (worn)
 i - a +0 crystal plate armour
 j - a +0 pair of boots (worn)
 p - a +2 cloak of willpower (worn)
 t - a +0 helmet (worn)
 K - the +1 chain mail "Ynifesma" (worn) {Will+ Regen+ Dex-2}
   (You found it on level 9 of the Dungeon)

   Dex-2:     It affects your dexterity (-2).
   Will+:     It increases your willpower.
   Regen+:    It increases your rate of health regeneration.
Jewellery
 g - a ring of fire
 k - a ring of fire
 u - an amulet of guardian spirit (around neck)
Wands
 v - a wand of flame (8)
 D - a wand of polymorph (6)
 G - a wand of digging (8)
Scrolls
 b - 5 scrolls of teleportation {unknown}
 f - 10 scrolls of identify {unknown}
 m - 2 scrolls of butterflies {unknown}
 o - 2 scrolls of immolation {unknown}
 w - a scroll of noise {unknown}
 y - a scroll of acquirement
 z - 2 scrolls of vulnerability {unknown}
 B - 2 scrolls of enchant weapon {unknown}
 E - a scroll of fear {unknown}
 I - 2 scrolls of revelation {unknown}
Potions
 d - 2 potions of might
 e - 7 potions of curing {unknown}
 h - 3 potions of heal wounds {unknown}
 l - a potion of brilliance {unknown}
 r - 3 potions of berserk rage {unknown}
 s - 3 potions of lignification {unknown}
 A - a potion of attraction {unknown}
 C - a potion of haste {unknown}
 H - a potion of ambrosia {unknown}
 J - a potion of mutation {unknown}


   Skills:
 + Level 7.3(12.3) Fighting
 + Level 10.3(15.3) Maces & Flails
 + Level 0.5(5.5) Throwing
 + Level 9.1(14.1) Armour
 + Level 3.0(8.0) Dodging
 + Level 2.0(7.0) Stealth
 + Level 6.5(11.5) Shields
 * Level 2.5 Invocations


You had 9 spell levels left.
You didn't know any spells.
Your spell library contained the following spells:

 Spells                   Type           Power      Damage    Failure   Level
 Freeze                   Ice            0%         1d3       86%         1
 Lesser Beckoning         Tloc           0%         N/A       94%         2
 Frozen Ramparts          Ice            0%         1d1       99%         3
 Gell's Gravitas          Tloc           0%         N/A       99%         3
 Hailstorm                Conj/Ice       0%         3d5       99%         3
 Teleport Other           Tloc           0%         N/A       99%         3
 Dispersal                Tloc           0%         N/A       100%        6


Dungeon Overview and Level Annotations

Branches:
Dungeon (9/15)             Temple (1/1) D:7            Lair (0/5) D:8
 Bailey (1/1)
    Orc: D:9-12

Altars:
Ashenzari
Dithmenos
Elyvilon
Fedhas
Gozag
Kikubaaqudgha
Makhleb
Nemelex Xobeh
Okawaru
Qazlal
Ru
Sif Muna
Trog
Uskayaw
Vehumet
Wu Jian
Xom
Yredelemnul
Zin
The Shining One

Shops:
D:7 (

Annotations:
D:7 1 runed translucent door, tykejmi's ghost, novice DrSh
D:8 2 transporters


Innate Abilities, Weirdness & Mutations

You are immune to sickness and miasma.
Your stone body is resilient. (AC +7)
You are immune to poison.
You resist negative energy. (rN+)
You are resistant to electric shocks. (rElec)
You are resistant to unholy torment.
You are immune to petrification.


Message History

The orc knight hits you from afar with a +0 halberd!
You see here a +2 arbalest of freezing.
You closely miss the orc.
Your +4 hammer "Oquciv" {spect, rN+ rCorr} hits the orc!
You kill the orc!
Okawaru accepts your kill. The orc knight closely misses you.
You swap places.
Your +4 hammer "Oquciv" {spect, rN+ rCorr} disappears.
The orc knight attacks as it pursues you!
The orc knight barely misses you.
There is an open gate here.
The orc knight hits you with a +0 halberd.
The orc knight completely misses you.
You see here a +2 arbalest of freezing.
You hit the orc knight but do no damage.
Your +4 hammer "Oquciv" {spect, rN+ rCorr} hits the orc knight!
The orc knight roars a battlecry!
The orc knight goes into a battle-frenzy!
You gain the combat prowess of a mighty hero.
Your +4 hammer "Oquciv" {spect, rN+ rCorr} disappears.
The orc knight hits you but does no damage.
The orc knight hits you but does no damage.
You block the orc knight's attack.
There is an open door here.
You barely miss the orc knight.
Your +4 hammer "Oquciv" {spect, rN+ rCorr} hits the orc knight!
The orc knight hits you with a +0 glaive!!
The orc knight barely misses you.
You hit the orc knight.
The orc knight is moderately wounded.
Your +4 hammer "Oquciv" {spect, rN+ rCorr} hits the orc knight!
The orc knight barely misses you.
The orc knight hits you with a +0 halberd!
You closely miss the orc knight.
The orc knight is moderately wounded.
Your +4 hammer "Oquciv" {spect, rN+ rCorr} barely misses the orc knight.
The orc knight hits you with a +0 glaive!!!
Ouch! That really hurt!
You die...

..≈##.##≈...............≈##.##≈..
..≈#.)...................))).#≈..
..≈##)∩#≈...............≈#∩)##≈..
..≈≈#)##≈....#######....≈##.#≈≈..
...≈≈.≈≈≈....##....##...≈≈≈.≈≈...
.............##.....##...........
.............##'''#..##..........
.........##..##∩)o##..#..........
.........##.####@####.##.........
.........##.')#(o.#.'.##.........
.........##.###.8.###.##.........
.........##.')#).?#)'.##.........
.........##.#########.##.........
..........#..##)#)##..#..........
..........##..#'#'#..##..........
...........##.......##...........
...≈≈.≈≈≈...#########...≈≈≈.≈≈...


You could see 2 orc knights and a friendly +4 hammer "Oquciv" {spect, rN+
rCorr}.

Vanquished Creatures
  Gastronok (D:9)
  A manticore (D:8)
  Joseph (D:7)
  Maggie (D:7)
  Sigmund (D:1)
  A vampire (D:8)
  Menkaure (D:4)
  An acid dragon (D:9)
  A water moccasin (D:8)
  6 orc warriors
  2 sky beasts
  2 black bears
  The ghost of NikiYani the Shield-Bearer, an amateur FoFi (D:3)
  An ogre (D:7)
  2 centaurs
  2 kobold brigands
  3 scorpions
  A bullfrog (D:8)
  A gnoll sergeant (D:8)
  10 killer bees
  4 hounds
  3 jellies
  Crazy Yiuf (D:2)
  A bombardier beetle (D:6)
  6 orc priests
  An iguana (D:5)
  5 orc wizards
  A centaur simulacrum (D:3)
  8 adders
  10 gnolls
  A hound simulacrum (D:3)
  A shadow imp (D:5)
  2 white imps
  2 dart slugs
  42 orcs
  7 ball pythons
  4 bats
  8 endoplasms
  3 giant cockroaches
  12 goblins
  10 hobgoblins
  5 jackals
  13 kobolds
  A quokka (D:3)
  6 frilled lizards
  2 jackal simulacra (D:3)
  A quokka simulacrum (D:3)
  5 rats
  A spectral kobold (D:1)
  A butterfly (D:7)
207 creatures vanquished.

Notes
Turn   | Place    | Note
-------+----------+-------------------------------------------
     0 | D:1      | AdnanSaban the Gargoyle Fighter began the quest for the
                  | Orb.
     0 | D:1      | Reached XP level 1. HP: 14/14 MP: 1/1
    34 | D:1      | Reached XP level 2. HP: 15/19 MP: 2/2
   226 | D:1      | Reached XP level 3. HP: 13/23 MP: 3/3
   468 | D:1      | Found a faded altar of an unknown god.
   670 | D:1      | You fall into a shaft and drop 1 floor!
   682 | D:2      | Identified the +3 leather armour "Janounum" {rF+}
  1002 | D:2      | Reached skill level 3 in Maces & Flails
  1002 | D:2      | Reached XP level 4. HP: 26/28 MP: 4/4
  1074 | D:2      | Noticed Sigmund
  1444 | D:2      | Found a runed translucent door.
  1445 | D:2      | Noticed Crazy Yiuf
  1692 | D:2      | Killed Crazy Yiuf
  1702 | D:2      | Identified the +4 hammer "Oquciv" {spect, rN+ rCorr}
  1843 | D:3      | Reached XP level 5. HP: 33/33 MP: 5/5
  1868 | D:3      | Found a runed translucent gate.
  1868 | D:3      | Found a runed translucent gate.
  1868 | D:3      | Found a runed translucent gate.
  2030 | D:3      | Reached skill level 1 in Dodging
  2308 | D:3      | Noticed NikiYani's ghost (amateur FoFi)
  2423 | D:3      | Reached skill level 4 in Maces & Flails
  2423 | D:3      | Reached XP level 6. HP: 29/38 MP: 6/6
  2750 | D:3      | Killed NikiYani's ghost
  2914 | D:4      | Noticed a black bear
  2929 | D:4      | Killed a black bear
  2930 | D:4      | Reached skill level 5 in Maces & Flails
  2930 | D:4      | Reached XP level 7. HP: 23/44 MP: 2/7
  3220 | D:4      | Found an opulent altar of Gozag.
  3223 | D:4      | Found a basalt altar of Yredelemnul.
  3305 | D:4      | Reached skill level 5 in Armour
  3364 | D:4      | Noticed Menkaure
  3366 | D:4      | Killed Menkaure
  3367 | D:4      | Reached skill level 6 in Maces & Flails
  3659 | D:4      | Reached skill level 5 in Fighting
  3659 | D:4      | Reached XP level 8. HP: 49/49 MP: 8/8
  3937 | D:4      | Found a white marble altar of Elyvilon.
  4026 | D:1      | Killed Sigmund
  4096 | D:5      | Entered Level 5 of the Dungeon
  4121 | D:5      | Reached skill level 7 in Maces & Flails
  4506 | D:5      | Found a stormy altar of Qazlal.
  4602 | D:6      | Found a radiant altar of Vehumet.
  5047 | D:6      | Reached skill level 5 in Shields
  5055 | D:6      | Reached XP level 9. HP: 55/55 MP: 9/9
  5104 | D:6      | Found a glowing silver altar of Zin.
  5269 | D:7      | Noticed Maggie
  5285 | D:7      | Killed Maggie
  5286 | D:7      | Reached skill level 8 in Maces & Flails
  5491 | D:7      | Found Cobridghi's Weapon Shoppe.
  5665 | D:7      | Found a staircase to the Ecumenical Temple.
  5684 | D:7      | Noticed Joseph
  5696 | D:7      | Killed Joseph
  5697 | D:7      | Reached skill level 9 in Maces & Flails
  5697 | D:7      | Reached skill level 1 in Stealth
  5833 | Temple   | Entered the Ecumenical Temple
  5841 | Temple   | Became a worshipper of Warmaster Okawaru
  5959 | D:7      | Found a runed translucent door.
  5962 | D:7      | Noticed tykejmi's ghost (novice DrSh)
  6395 | D:8      | Reached * piety under Okawaru
  6504 | D:8      | Reached XP level 10. HP: 44/61 MP: 7/10
  6816 | D:8      | Found a transporter.
  6892 | D:8      | Found a transporter.
  6943 | D:8      | Noticed a manticore
  6950 | D:8      | Killed a manticore
  7082 | D:8      | Found a staircase to the Lair.
  7466 | D:9      | Identified the +1 chain mail "Ynifesma" {Will+ Regen+
                  | Dex-2}
  7559 | D:9      | Found a flagged portal.
  7563 | D:9      | Noticed Gastronok
  7583 | D:9      | Reached ** piety under Okawaru
  7675 | D:9      | Killed Gastronok
  7675 | D:9      | Reached *** piety under Okawaru
  7676 | D:9      | Reached skill level 10 in Maces & Flails
  7692 | Bailey   | Entered a bailey
  8013 | Bailey   | Noticed an orc knight
  8013 | Bailey   | Noticed an orc knight
  8024 | Bailey   | Slain by an orc knight

Illustrated notes

Levels and vault maps discovered:
D:1:      nicolae_arrival_memento_mori, layout_basic,
          dreamdust_ecumenical_altar_drowned_temple,
          chequers_serial_rivers_micro_d, chequers_serial_rivers_micro_b,
          minmay_cut_off
D:2:      layout_loops_cross, serial_bayou_crossing, uniq_sigmund,
          uniq_crazy_yiuf_cottage
D:3:      layout_loops_ring, gammafunk_ghost_icy, portal_sewer_entry_d,
          grunt_ministairs_5, minmay_fractal_squares_gapless_5
D:4:      layout_basic, nicolae_elyvilon_temple_path, nicolae_overflow_squiral,
          minmay_circle_x, uniq_menkaure
D:5:      layout_cave_pools, lemuel_tele_altar
D:6:      layout_loops_cross, zin_scriptorium,
          mainiacjoe_overflow_concentric_impassable
D:7:      layout_gridville, minmay_temple_entry_butterflies,
          ebering_ghost_reflecting_pool, serial_shops, shop, uniq_joseph,
          uniq_maggie
D:8:      layout_basic, lair_entry_dummy, nicolae_diode_stairs
D:9:      nzn_winding_woodlands_medium [nzn_winding_woodlands_5x5_default,
          nzn_winding_woodlands_5x15_concentric,
          nzn_winding_woodlands_5x5_closed_star,
          nzn_winding_woodlands_hourglass, nzn_winding_woodlands_center_garden,
          nzn_winding_woodlands_5x5_default,
          nzn_winding_woodlands_5x5_open_star,
          nzn_winding_woodlands_5x15_sawtooth,
          nzn_winding_woodlands_5x5_checkerboard], layout_basic,
          chei_slow_surprise, mainiacjoe_overflow_surrounded_room, serial_glass,
          glass_columns_b, glass_columns_c, enter_bailey_5,
          corexii_leaking_fountain, uniq_gastronok
Temple:   dpeg_chambers_temple
Bailey:   bailey_polearm_2, bailey

Skill      XL: |  1  2  3  4  5  6  7  8  9 10 |
---------------+-------------------------------+-----
Maces & Flails | 3 4 5 6 7 9 10 | 10.3
Armour         | 4 5 6 7 9 |  9.1
Shields        | 4 5 6 |  6.5
Fighting       | 4 5 6 7 |  7.3
Dodging        | 1 2 3 |  3.0
Stealth        | 1 2 |  2.0
Invocations    | 2 |  2.5
Throwing       | |  0.5

Action                     |  1- 3 |  4- 6 |  7- 9 | 10-12 || total
---------------------------+-------+-------+-------+-------++-------
  Melee: Flail             |    93 |    53 |       |       ||   146
         Mace              |       |    97 |   224 |   169 ||   490
  Throw: Dart              |       |       |     3 |       ||     3
 Invoke: Heroism           |       |       |       |     2 ||     2
   Stab: Distracted        |       |       |     3 |       ||     3
 Armour: Scale mail        |    86 |       |       |       ||    86
         Chain mail        |    19 |   123 |   210 |   204 ||   556
  Dodge: Dodged            |    74 |    85 |    99 |   108 ||   366
  Block: Buckler           |    42 |    32 |    46 |    69 ||   189
